 Dungeon Crawl Stone Soup version 0.28-a0-87-g9a7839dea9 (webtiles) character file.

Game seed: 591817831426432160

33760 senseless the Basher (level 13, -3/174 HPs)
             Began as a Yellow Draconian Berserker on Aug 6, 2021.
             Was a High Priest of Trog.
             Succumbed to poison (dark miasma)
             ... on level 2 of the Abyss.
             The game lasted 00:46:23 (18097 turns).

senseless the Basher (Yellow Draconian Berserker)  Turns: 18097, Time: 00:46:24

Health: -3/174     AC: 13    Str: 23    XL:     13   Next: 38%
Magic:  13/13      EV: 21    Int:  9    God:    Trog [*****.]
Gold:   863        SH: 19    Dex: 23    Spells: 12/12 levels left

rFire   . . .      SeeInvis .   J - +7 demon whip "Zaenid" {elec, *Rage +Rage rElec rN+}
rCold   + . .      Faith    .   N - +1 kite shield {rC+}
rNeg    + . .      Spirit   .   (armour unavailable)
rPois   .          Reflect  +   (helmet restricted)
rElec   +          Harm     .   q - +2 cloak
rCorr   +          Rampage  .   F - +0 pair of gloves
Will    .....      Rnd*Rage +   I - +0 pair of boots
Stlth   ..........              i - amulet of reflection
HPRegen 0.39/turn               z - +6 ring of dexterity
MPRegen 0.13/turn               v - +6 ring of dexterity

@: berserking, lethally poisoned (-3 -> -85), slowed, studying Dodging
A: spit acid, AC +8, unfitting armour, cold-blooded, acid resistance
a: Breathe Acid, Renounce Religion, Evoke Berserk Rage, Berserk, Trog's Hand,
Brothers in Arms


You were on level 2 of the Abyss.
You worshipped Trog.
Trog was extremely pleased with you.
You visited 1 branch of the dungeon, and saw 14 of its levels.
You visited the Abyss 1 time.

You collected 1092 gold pieces.
You spent 229 gold pieces at shops.

Inventory:

Hand Weapons
 h - a +5 mace of flaming
 n - the +4 mace "Goblin's Funeral" {flame, rPois}
   (You found it on level 5 of the Dungeon)

   It burns those it strikes, dealing additional fire damage.
   rPois:     It protects you from poison.
 o - a +2 mace of protection
 J - the +7 demon whip "Zaenid" (weapon) {elec, *Rage +Rage rElec rN+}
   (You acquired it on level 11 of the Dungeon)

   It occasionally discharges a powerful burst of electricity upon striking a
   foe.
   rElec:     It insulates you from electricity.
   rN:        It protects you from negative energy.
   +Rage:     It lets you go berserk.
   *Rage:     It may make you go berserk in combat.
Missiles
 b - 3 javelins
 f - 18 boomerangs
 A - a throwing net
 B - 55 poisoned darts (quivered)
Armour
 q - a +2 cloak (worn)
 F - a +0 pair of gloves (worn)
 I - a +0 pair of boots (worn)
 N - a +1 kite shield of cold resistance (worn)
Jewellery
 c - an amulet of faith
 i - an amulet of reflection (around neck)
 m - a ring of willpower
 v - a +6 ring of dexterity (right hand)
 z - a +6 ring of dexterity (left hand)
 K - an amulet of magic regeneration
 M - an amulet of regeneration
Wands
 p - a wand of digging (6)
 E - a wand of charming (9)
 G - a wand of acid (10)
 H - a wand of flame (22)
Scrolls
 d - 2 scrolls of fear
 e - 3 scrolls of teleportation
 r - 3 scrolls of fog
 u - a scroll of blinking
 x - 3 scrolls of immolation
 y - 3 scrolls of magic mapping
 L - a scroll of identify
Potions
 a - a potion of mutation
 g - 2 potions of heal wounds
 j - 3 potions of flight
 k - 5 potions of might
 l - 2 potions of attraction
 s - 2 potions of haste
 t - a potion of resistance
 w - 4 potions of lignification
 C - 3 potions of curing
 D - a potion of berserk rage


   Skills:
 + Level 11.1 Fighting
 + Level 13.0 Maces & Flails
 + Level 4.8 Throwing
 + Level 11.5 Dodging
 + Level 5.9 Stealth
 + Level 10.7 Shields


You had 12 spell levels left.
You didn't know any spells.
Your spell library contained the following spells:

 Spells                   Type           Power      Damage    Failure   Level
 Animate Skeleton         Necr           0%         N/A       56%         1
 Apportation              Tloc           0%         N/A       56%         1
 Corona                   Hex            0%         N/A       56%         1
 Summon Small Mammal      Summ           0%         N/A       56%         1
 Dazzling Flash           Conj/Hex       0%         N/A       91%         3
 Ignite Poison            Fire/Tmut/Pois 0%         N/A       91%         3
 Mephitic Cloud           Conj/Pois/Air  0%         N/A       91%         3
 Stone Arrow              Conj/Erth      0%         3d7       91%         3
 Tukima's Dance           Hex            0%         N/A       91%         3
 Passage of Golubria      Tloc           N/A        N/A       100%        4
 Agony                    Necr           0%         N/A       100%        5
 Bolt of Magma            Conj/Fire/Erth 0%         4d4       100%        5
 Silence                  Hex/Air        0%         N/A       100%        5
 Yara's Violent Unravell  Hex/Tmut       0%         3d3       100%        5
 Lehudib's Crystal Spear  Conj/Erth      0%         10d2      100%        8
 Animate Armour           Summ/Erth      Unusable   N/A       N/A         4

Dungeon Overview and Level Annotations

Branches:
Dungeon (14/15)            Temple (0/1) D:6            Lair (0/6) D:8
    Orc (0/2) D:10         Vaults (0/5) D:13

Altars:
Fedhas
Gozag
Qazlal
Ru
Vehumet
Xom
Yredelemnul
Zin

Shops:
D:9 *   D:11 *

Annotations:
D:14 Louise


Innate Abilities, Weirdness & Mutations

You can spit globs of acid.
Your golden yellow scales are hard. (AC +8)
You cannot fit into any form of body armour.
You are cold-blooded and may be slowed by cold attacks.
You are resistant to acid. (rCorr)


Message History

The large abomination is almost destroyed.
An ufetubus comes into view.
You block the starcursed mass's attack.
The ufetubus shouts!
You thrash the death drake!!
The death drake is moderately wounded.
The death drake misses you.
You block the large abomination's attack.
You thrash the death drake!!
Your tail-slap misses the death drake.
The death drake is severely wounded.
The starcursed mass touches you!
You closely miss the death drake. You tail-slap the death drake.
The death drake is severely wounded.
The death drake breathes miasma at you. The foul vapour engulfs you!
You are poisoned.
You thrash the death drake!!
Lightning courses through the death drake!
You kill the death drake!
Trog accepts your kill.
The death drake's shape twists and changes as it dies.
You are engulfed in dark miasma.
You are more poisoned.
You feel very sick. The large abomination hits you!!
* * * LOW HITPOINT WARNING * * *
You thrash the large abomination!!
Lightning courses through the large abomination!
You destroy the large abomination!
Trog accepts your kill.
You are engulfed in dark miasma.
You are more poisoned.
You feel yourself slow down.
* * * LOW HITPOINT WARNING * * *
x2 You feel very sick.
A chorus of shrieks assaults your mind.
* * * LOW HITPOINT WARNING * * *
You are engulfed in dark miasma.
You are more poisoned.
* * * LOW HITPOINT WARNING * * *
You die...

.. §#. # ..
.. .## #..
#..# ....
###X..#
#..#°°X..##
#5°°#°..## #
###@X#... .##
#°.#.# .#....
#.#.# . ##.##
#..... . #.
#.#.#[#. .
...
#..#...#.....
. ####......#
# ..##.# . .
. ##..##


You could see 3 starcursed masses and an ufetubus.

Vanquished Creatures
  Jorgrun (D:14)
  Frances (D:14)
  Josephine (D:13)
  A vault guard (D:13)
  2 boulder beetles
  A hydra (D:11)
  Erica (D:10)
  3 two-headed ogres
  3 tengu warriors
  5 skeletal warriors
  A death drake (shapeshifter) (Abyss:2)
  A starcursed mass (Abyss:2)
  An orc knight (D:11)
  4 ugly things
  2 manticores (D:11)
  3 deep elf pyromancers
  A wolf spider (D:11)
  4 cyclopes
  A cyclops (shapeshifter) (D:11)
  A black mamba (shapeshifter) (D:13)
  A smoke demon (Abyss:2)
  2 unseen horrors
  An efreet (D:13)
  A kobold demonologist (D:12)
  A tengu conjurer (D:11)
  4 large abominations (Abyss:2)
  3 trolls
  4 slime creatures (D:12)
  A meliai zombie (D:8)
  Sigmund (D:3)
  2 wyverns
  A vampire (D:13)
  A basilisk (D:11)
  7 wraiths
  6 yaks (D:10)
  2 wargs (D:8)
  An acid dragon (D:10)
  5 water moccasins
  Duvessa (D:4)
  A sky beast (D:6)
  A black bear (D:6)
  3 orc warriors
  An ogre (D:4)
  8 centaurs
  4 phantoms
  4 kobold brigands
  A bullfrog (D:7)
  A gnoll sergeant (D:9)
  A wyvern zombie (D:9)
  4 scorpions
  Dowan (D:4)
  4 killer bees (D:9)
  A howler monkey (D:6)
  4 centaur zombies
  A hound (D:5)
  2 jellies
  8 orc priests
  Crazy Yiuf (D:5)
  3 gnoll shamans
  A bullfrog skeleton (D:6)
  7 orc wizards
  A killer bee zombie (D:8)
  4 howler monkey zombies
  17 gnolls
  6 adders
  2 shadow imps
  2 white imps
  2 ufetubi
  3 dart slugs
  22 orcs
  10 endoplasms
  2 giant cockroaches (D:1)
  7 goblins
  8 hobgoblins
  10 jackals
  21 kobolds
  4 quokkas
  9 ball pythons
  4 bats
  4 frilled lizards
  A rat (D:2)
284 creatures vanquished.

Vanquished Creatures (others)
  A kobold (D:9)
  A bush (D:5)
2 creatures vanquished.

Grand Total: 286 creatures vanquished

Notes
Turn   | Place    | Note
-------+----------+-------------------------------------------
     0 | D:1      | senseless the Draconian Berserker began the quest for the
                  | Orb.
     0 | D:1      | Reached XP level 1. HP: 19/19 MP: 1/1
   298 | D:1      | Reached XP level 2. HP: 26/26 MP: 2/2
   686 | D:1      | Reached ** piety under Trog
  1174 | D:2      | Reached XP level 3. HP: 33/33 MP: 3/3
  1712 | D:2      | Found a shimmering altar of Xom.
  2164 | D:2      | Reached XP level 4. HP: 17/40 MP: 4/4
  2938 | D:3      | Reached skill level 4 in Maces & Flails
  2967 | D:3      | Found a faded altar of an unknown god.
  3316 | D:3      | Noticed Sigmund
  3326 | D:3      | Killed Sigmund
  3327 | D:3      | Reached skill level 1 in Stealth
  3327 | D:3      | Reached skill level 1 in Shields
  3327 | D:3      | Reached XP level 5. HP: 47/47 MP: 5/5
  3737 | D:4      | Found a blossoming altar of Fedhas.
  3750 | D:4      | Noticed Duvessa
  3752 | D:4      | Noticed Dowan
  3757 | D:4      | Killed Duvessa
  3758 | D:4      | Reached skill level 5 in Maces & Flails
  3758 | D:4      | Reached XP level 6. HP: 53/53 MP: 6/6
  3760 | D:4      | Killed Dowan
  3839 | D:4      | Found an opulent altar of Gozag.
  4020 | D:4      | Found a radiant altar of Vehumet.
  4064 | D:4      | Your scales start taking on a golden yellow colour.
  4064 | D:4      | Reached XP level 7. HP: 56/60 MP: 7/7
  4064 | D:4      | Gained mutation: You are resistant to acid. (rCorr) [Yellow
                  | Draconian growth]
  4119 | D:4      | Reached *** piety under Trog
  4378 | D:5      | Entered Level 5 of the Dungeon
  4406 | D:5      | Reached skill level 5 in Fighting
  4810 | D:5      | Found a runed translucent door.
  4810 | D:5      | Identified the +4 mace "Goblin's Funeral" {flame, rPois}
  4813 | D:5      | Noticed Crazy Yiuf
  4825 | D:5      | Killed Crazy Yiuf
  4826 | D:5      | Reached skill level 6 in Maces & Flails
  6007 | D:4      | Reached XP level 8. HP: 13/69 MP: 8/8
  6442 | D:5      | Reached skill level 7 in Maces & Flails
  6979 | D:6      | Reached skill level 5 in Dodging
  7031 | D:6      | Reached skill level 8 in Maces & Flails
  7092 | D:6      | Reached XP level 9. HP: 75/75 MP: 9/9
  7170 | D:6      | Found a staircase to the Ecumenical Temple.
  8560 | D:8      | Reached skill level 5 in Shields
  8614 | D:8      | Found a staircase to the Lair.
  8694 | D:8      | Reached **** piety under Trog
  9147 | D:8      | Reached skill level 9 in Maces & Flails
 10264 | D:9      | Reached XP level 10. HP: 86/86 MP: 10/10
 10666 | D:9      | Found a basalt altar of Yredelemnul.
 10782 | D:9      | Found Egyismya's Serpentskin Sales.
 11142 | D:10     | Entered Level 10 of the Dungeon
 11150 | D:10     | Reached skill level 10 in Maces & Flails
 11151 | D:10     | Reached ***** piety under Trog
 11298 | D:10     | Noticed Erica
 11316 | D:10     | Killed Erica
 11816 | D:10     | Noticed a two-headed ogre
 11823 | D:10     | Killed a two-headed ogre
 11966 | D:10     | Found a glowing silver altar of Zin.
 11966 | D:10     | Found a stormy altar of Qazlal.
 12380 | D:10     | Found a staircase to the Orcish Mines.
 12976 | D:11     | Found Otogaeto's Assorted Antiques.
 12977 | D:11     | Noticed a manticore
 12998 | D:11     | Killed a manticore
 12999 | D:11     | Reached XP level 11. HP: 48/94 MP: 11/11
 13209 | D:11     | Identified 2 scrolls of acquirement
 13209 | D:11     | Acquired the +7 demon whip "Zaenid" {elec, *Rage +Rage
                  | rElec rN+}
 13212 | D:11     | Acquired a manual of Dodging
 13393 | D:11     | Reached skill level 11 in Maces & Flails
 13511 | D:11     | Noticed a skeletal warrior
 13615 | D:11     | Noticed a green ugly thing
 13630 | D:11     | Killed a green ugly thing
 13631 | D:11     | Reached skill level 1 in Throwing
 13678 | D:11     | Noticed an orc knight
 13685 | D:11     | Killed an orc knight
 13820 | D:11     | Noticed an eight-headed hydra
 13830 | D:11     | Killed an eight-headed hydra
 13972 | D:11     | Killed a skeletal warrior
 14084 | D:11     | Noticed a wolf spider
 14085 | D:11     | Noticed a deep elf pyromancer
 14091 | D:11     | Killed a wolf spider
 14101 | D:11     | Killed a deep elf pyromancer
 14420 | D:11     | Noticed a boulder beetle
 14430 | D:11     | Killed a boulder beetle
 14444 | D:11     | Noticed a tengu warrior
 14455 | D:11     | Killed a tengu warrior
 14983 | D:11     | Bought a scroll of enchant armour for 202 gold pieces
 14983 | D:11     | Bought a scroll labelled KAZUM YW KIBYUTH for 27 gold
                  | pieces
 15224 | D:12     | Noticed a two-headed ogre
 15233 | D:12     | Killed a two-headed ogre
 15234 | D:12     | Reached XP level 12. HP: 89/104 MP: 12/12
 15634 | D:12     | Noticed a two-headed ogre
 15639 | D:12     | Killed a two-headed ogre
 15857 | D:12     | Reached skill level 12 in Maces & Flails
 15926 | D:13     | Reached skill level 5 in Stealth
 15932 | D:13     | Reached skill level 10 in Dodging
 16173 | D:13     | Noticed Josephine
 16200 | D:13     | Killed Josephine
 16201 | D:13     | Noticed a vault guard
 16204 | D:13     | Reached skill level 10 in Fighting
 16231 | D:13     | Killed a vault guard
 16357 | D:13     | Found a gate to the Vaults.
 16462 | D:13     | Received a gift from Trog
 16463 | D:13     | Reached skill level 10 in Shields
 16608 | D:13     | Noticed a tengu warrior
 16611 | D:13     | Noticed a tengu warrior
 16850 | D:13     | Killed a tengu warrior
 16854 | D:13     | Killed a tengu warrior
 16855 | D:13     | Reached XP level 13. HP: 114/114 MP: 13/13
 17160 | D:14     | Noticed Jorgrun
 17177 | D:14     | Killed Jorgrun
 17564 | D:14     | Found the +8 demon blade "Leech" {vamp, *Rage +Rage rN+}
 17564 | D:14     | Found a sacrificial altar of Ru.
 17568 | D:14     | Noticed Frances
 17667 | D:14     | Killed Frances
 17701 | D:14     | Noticed Louise
 17824 | D:14     | Cast into level 2 of the Abyss (Louise)
 17966 | Abyss:2  | Noticed a tentacled starspawn
 18059 | Abyss:2  | Noticed a starcursed mass
 18086 | Abyss:2  | Reached skill level 13 in Maces & Flails
 18097 | Abyss:2  | Succumbed to poison (dark miasma)

Illustrated notes

Levels and vault maps discovered:
D:1:      minmay_arrival_shattered_statue, layout_basic, minmay_statues_item
D:2:      layout_basic, basic_altar
D:3:      layout_basic, ebering_ecumenical_altar_petrified, uniq_sigmund
D:4:      layout_cave_pools, grunt_gozag_breadcrumbs, fedhas_ov_isle_minmay,
          mainiacjoe_overflow_tiny_flanked, uniq_duvessa
D:5:      layout_basic, minmay_misc_feat_pillars, grunt_decor_junction,
          kb_lookout_dungeons_type, uniq_crazy_yiuf_cottage
D:6:      layout_basic, temple_doors_cd, minmay_misc_feat_alley
D:7:      layout_loops_corners
D:8:      layout_cave_pools, erik_lair_orcish_takeover
D:9:      layout_irregular_city, yredelemnul_altar_generic,
          chequers_serial_rivers_large_a, guppyfry_shop_venom
D:10:     layout_basic, gammafunk_temple_overflow_wave, orc_0_dummy,
          minivault_11, uniq_erica
D:11:     layout_layer_cave, nicolae_inconvenience_store, minivault_28
D:12:     layout_roguey
D:13:     layout_rooms, david_vaults_5, serial_glass, glass_columns_b,
          glass_columns_a, uniq_josephine
D:14:     layout_rooms, hangedman_ru_absence, uniq_frances, uniq_rupert,
          uniq_jorgrun, uniq_louise
Abyss:2:  base: D:2, hangedman_decor_peaks_small

Skill      XL: |  1  2  3  4  5  6  7  8  9 10 11 12 13 |
---------------+----------------------------------------+-----
Dodging        | 3 4 5 6 7 9 11 | 11.5
Maces & Flails | 4 5 6 8 9 10 11 12 13 | 13.0
Fighting       | 4 5 6 7 8 9 10 11 | 11.1
Stealth        | 1 2 3 4 5 |  5.9
Shields        | 1 2 4 5 7 9 10 | 10.7
Throwing       | 3 4 |  4.8

Action                   |  1- 3 |  4- 6 |  7- 9 | 10-12 | 13-15 || total
-------------------------+-------+-------+-------+-------+-------++-------
Melee: Mace              |   126 |    64 |   296 |   132 |       ||   618
       Tailslap          |    11 |     5 |    51 |    80 |    14 ||   161
       Demon whip        |       |       |       |   250 |    65 ||   315
Throw: Boomerang         |       |       |     6 |     8 |       ||    14
       Dart              |       |       |       |    24 |    15 ||    39
Invok: Berserk           |     2 |     2 |     8 |     7 |     3 ||    22
 Abil: Breathe Acid      |       |       |    10 |    17 |     2 ||    29
  Use: Scroll            |       |       |     9 |    18 |       ||    27
       Potion            |       |       |       |     1 |       ||     1
 Stab: Sleeping          |     2 |       |     6 |     3 |       ||    11
       Distracted        |       |       |     1 |     1 |     2 ||     4
Armor: Skin              |    55 |    14 |    79 |    64 |     6 ||   218
Dodge: Dodged            |    78 |    34 |   156 |   167 |    12 ||   447
Block: Kite shield       |    45 |    19 |   190 |   279 |    31 ||   564
       Reflection        |       |       |       |    21 |     2 ||    23

Table legend: (Time is in decaauts)
 A = Elapsed time spent in this place.
 B = Non-inter-level travel time spent in this place.
 C = Inter-level travel time spent in this place.
 D = Time resting spent in this place.
 E = Time spent auto-exploring this place.
 F = Levels seen in this place.
 G = Mean time per level.
                   A        B        C        D        E       F      G
               +--------+--------+--------+--------+--------+-----+--------+
         Total |  18468 |  17892 |    576 |   4367 |  11188 |  15 | 1231.2 |
       Dungeon |  18208 |  17632 |    576 |   4296 |  11047 |  14 | 1300.6 |
         Abyss |    259 |    259 |      0 |     71 |    141 |   1 |  259.0 |
               +--------+--------+--------+--------+--------+-----+--------+

Top non-repeatable levels by time:
     D:5: 2269 daAuts
    D:11: 2202 daAuts
    D:10: 1732 daAuts
     D:1: 1496 daAuts
     D:2: 1406 daAuts
    D:13: 1355 daAuts
     D:8: 1265 daAuts
     D:9: 1197 daAuts
     D:7: 1187 daAuts
     D:4: 977 daAuts
     D:3: 952 daAuts
    D:12: 885 daAuts
     D:6: 690 daAuts
    D:14: 589 daAuts
 Abyss:2: 259 daAuts
